 Dungeon Crawl Stone Soup version 0.27-a0-1219-g958d993ae5 (webtiles) character file.

Game seed: 16645603137591267992

193 pcat the Conjurer (level 5, -6/30 HPs)
             Began as a Deep Elf Conjurer on June 7, 2021.
             Killed by divine providence
             ... invoked by an orc priest
              (15 damage)
             ... on level 5 of the Dungeon.
             The game lasted 00:02:58 (2069 turns).

pcat the Conjurer (Deep Elf Conjurer)               Turns: 2069, Time: 00:02:59

Health: -6/30      AC:  2    Str:  4    XL:     5   Next: 43%
Magic:  12/14      EV: 12    Int: 24    God:
Gold:   84         SH:  0    Dex: 13    Spells: 7/14 levels left

rFire    . . .     SeeInvis .   m - +1 dagger (venom)
rCold    . . .     Faith    .   (no shield)
rNeg     . . .     Spirit   .   a - +0 robe
rPois    .         Reflect  .   (no helmet)
rElec    .         Harm     .   (no cloak)
rCorr    .         Rampage  .   (no gloves)
Will     .....                  (no boots)
Stlth    ++........             (no amulet)
HPRegen  0.10/turn              (no ring)
MPRegen  0.14/turn              (no ring)

@: no status effects
A: no striking features
a: no special abilities


You were on level 5 of the Dungeon.
You visited 1 branch of the dungeon, and saw 4 of its levels.

You collected 84 gold pieces.

Inventory:

Hand Weapons
 b - a +2 short sword of venom
 m - a +1 dagger of venom (weapon)
Missiles
 c - 64 stones
 e - 5 atropa-tipped darts
Armour
 a - a +0 robe (worn)
 i - a +0 pair of gloves
 l - a +0 buckler
Scrolls
 j - a scroll of noise {unknown}
 n - a scroll of teleportation {unknown}
Potions
 d - 4 potions of curing {unknown}
 f - a potion of might {unknown}
 g - a potion of heal wounds {unknown}
 h - a potion of degeneration {unknown}
 k - a potion of ambrosia {unknown}
 o - a potion of brilliance {unknown}
 p - a potion of mutation {unknown}


   Skills:
 + Level 1.7 Fighting
 - Level 2.4 Dodging
 - Level 2.4 Stealth
 * Level 5.3 Spellcasting
 * Level 5.8 Conjurations


You had 7 spell levels left.
You knew the following spells:

 Your Spells              Type           Power      Damage    Failure   Level
a - Magic Dart            Conj           100%       1d8       1%          1
b - Searing Ray           Conj           68%        3d5       1%          2
c - Iskenderun's Mystic   Conj/Tloc      20%        2d6       26%         4

Your spell library contained the following spells:

 Spells                   Type           Power      Damage    Failure   Level
 Dazzling Flash           Conj/Hex       40%        N/A       8%          3
 Animate Skeleton         Necr           12%        N/A       9%          1
 Apportation              Tloc           12%        N/A       9%          1
 Corona                   Hex            6%         N/A       9%          1
 Freeze                   Ice            24%        1d5       9%          1
 Summon Small Mammal      Summ           24%        N/A       9%          1
 Frozen Ramparts          Ice            12%        1d3       26%         3
 Ozocubu's Armour         Ice            6%         N/A       26%         3
 Fulminant Prism          Conj/Hex       10%        3d9       26%         4
 Hailstorm                Conj/Ice       20%        3d6       26%         4
 Metabolic Englaciation   Hex/Ice        3%         N/A       93%         5


Dungeon Overview and Level Annotations

Branches:
Dungeon (3/15)

Altars:


Message History

You fall into a shaft and drop 2 floors!
The shaft crumbles and collapses.
Found a scroll labelled CER OCO EMAFU.
An adder, 2 orcs, an orc priest and an orc wizard come into view.
The orc wizard shouts!
The orc priest shouts!
The orc priest invokes the aid of Beogh against you.
Beogh smites you! The orc barely misses you.
The orc throws a boomerang.
The boomerang barely misses you.
The orc wizard mumbles some strange words.
The orc wizard flickers and vanishes!
Deactivating autopickup; reactivate with Ctrl-A.
Casting: Magic Dart (safe; 1% risk of failure)
Confirm with . or Enter, or press ? or * to list all spells.
You don't know that spell.
The orc hits you with a +0 trident.
Casting: Magic Dart (safe; 1% risk of failure)
Confirm with . or Enter, or press ? or * to list all spells.
You don't know that spell.
Casting: Magic Dart (safe; 1% risk of failure)
Confirm with . or Enter, or press ? or * to list all spells.
Aiming: Searing Ray (safe; 1% risk of failure)
Press: ? - help, Shift-Dir - straight line, f - orc priest
Aim: an orc priest, wielding a +0 whip and wearing a +0 ring mail (83% to hit)
Out of range.
Okay, then.
The orc hits you from afar with a +0 trident.
* * * LOW HITPOINT WARNING * * *
Casting: Searing Ray (safe; 1% risk of failure)
Confirm with . or Enter, or press ? or * to list all spells.
Aiming: Searing Ray (safe; 1% risk of failure)
Press: ? - help, Shift-Dir - straight line The searing ray hits the orc!
You kill the orc!
The searing ray hits something! (Press . to maintain the ray.)
The orc throws a boomerang.
The boomerang barely misses you.
The orc priest calls down the wrath of Beogh upon you.
Beogh smites you!
Ouch! That really hurt!
You die...

#### #.. ...
#.# ####.o#.#
......#@#
.?..o#.#
.o..#)#
######..#.#
........#.#
........oo#
..........#
..........#
####.........


You could see an orc priest and an orc.

Vanquished Creatures
  An ogre (D:2)
  Jessica (D:2)
  2 adders (D:2)
  A worm (D:2)
  2 dart slugs
  4 orcs
  6 ball pythons (D:1)
  4 bats (D:1)
  4 endoplasms
  2 giant cockroaches (D:1)
  A goblin (D:1)
  4 hobgoblins
  7 jackals (D:2)
  8 kobolds
  A quokka (D:1)
  A frilled lizard (D:1)
  A rat (D:2)
50 creatures vanquished.

Notes
Turn   | Place    | Note
-------+----------+-------------------------------------------
     0 | D:1      | pcat the Deep Elf Conjurer began the quest for the Orb.
     0 | D:1      | Reached XP level 1. HP: 10/10 MP: 6/6
   247 | D:1      | Reached XP level 2. HP: 16/16 MP: 5/8
   943 | D:1      | Reached XP level 3. HP: 20/20 MP: 6/10
  1257 | D:2      | Learned a level 2 spell: Searing Ray
  1296 | D:2      | Noticed an ogre
  1303 | D:2      | Killed an ogre
  1304 | D:2      | Reached skill level 1 in Fighting
  1304 | D:2      | Reached skill level 5 in Conjurations
  1304 | D:2      | Reached XP level 4. HP: 25/25 MP: 3/12
  1325 | D:2      | Reached skill level 5 in Spellcasting
  1435 | D:2      | Reached XP level 5. HP: 29/29 MP: 10/14
  1473 | D:2      | Learned a level 4 spell: Iskenderun's Mystic Blast
  1682 | D:2      | Noticed Jessica
  1686 | D:2      | Killed Jessica
  2059 | D:3      | You fall into a shaft and drop 2 floors!
  2059 | D:5      | Entered Level 5 of the Dungeon
  2069 | D:5      | Killed from afar by an orc priest

Illustrated notes

Levels and vault maps discovered:
D:1:      psy_arrival_radial02, layout_basic
D:2:      layout_rooms, uniq_jessica
D:3:      layout_basic, minmay_cut_off
D:5:      layout_basic, minivault_11, uniq_pikel

Skill      XL: |  1  2  3  4 |
---------------+-------------+-----
Spellcasting   | 4 5 |  5.3
Fighting       | 1 |  1.7
Conjurations   | 5 |  5.8
Dodging        | |  2.4
Stealth        | |  2.4

Action                   |  1- 3 |  4- 6 || total
-------------------------+-------+-------++-------
 Cast: Magic Dart        |    65 |    37 ||   102
       Searing Ray       |       |     1 ||     1
  Use: Scroll            |     1 |       ||     1
Armor: Robe              |     1 |       ||     1
Dodge: Dodged            |     1 |     3 ||     4

Table legend: (Time is in decaauts)
 A = Elapsed time spent in this place.
 B = Non-inter-level travel time spent in this place.
 C = Inter-level travel time spent in this place.
 D = Time resting spent in this place.
 E = Time spent auto-exploring this place.
 F = Levels seen in this place.
 G = Mean time per level.
                   A        B        C        D        E       F      G
               +--------+--------+--------+--------+--------+-----+--------+
         Total |   2075 |   1986 |     89 |      0 |   1786 |   4 |  518.8 |
       Dungeon |   2075 |   1986 |     89 |      0 |   1786 |   4 |  518.8 |
               +--------+--------+--------+--------+--------+-----+--------+

Top non-repeatable levels by time:
     D:1: 1205 daAuts
     D:2: 731 daAuts
     D:3: 128 daAuts
     D:5: 9 daAuts
